 Dungeon Sprint DCSS version 0.19.1-1-g22dce08 (webtiles) character file.

2955 Hipnos the Unseen (level 9, 0/56 HPs)
             Began as an Octopode Enchanter on Jan 14, 2017.
             Was a Believer of Dithmenos.
             Slain by a centaur warrior (11 damage)
             ... in the Dungeon (Sprint I: "Red Sonja").
             The game lasted 00:06:41 (1236 turns).

Hipnos the Unseen (Octopode Enchanter)              Turns: 1236, Time: 00:06:42

Health: 0/56       AC:  1    Str:  7    XL:     9   Next: 81%
Magic:  11/20      EV: 16    Int: 17    God:    Dithmenos [**....]
Gold:   142        SH:  5    Dex: 16    Spells: 3 memorised, 17 levels left

rFire  . . .     SeeInvis .     a - +1 dagger
rCold  . . .     Gourm    .     n - +2 buckler
rNeg   . . .     Faith    .     (helmet restricted)
rPois  .         Spirit   .     (no amulet)
rElec  .         Reflect  .     (no ring)
rCorr  .         Harm     .     (no ring)
MR     .....     NoTele   +     (no ring)
Stlth  ++++++++++               (no ring)
                                (no ring)
                                (no ring)
                                (no ring)
                                (no ring)

@: wreathed by umbra
A: almost no armour, stealthy swim, amphibious, 8 rings, constrict 8, camouflage
1, gelatinous body 1
a: Shadow Step, Renounce Religion


You were in the Dungeon.
You worshipped Dithmenos.
Dithmenos was pleased with you.
You were not hungry.

You visited 1 branch You collected 643 gold pieces.
You spent 501 gold pieces at shops.

Inventory:

Hand Weapons
 a - a +1 dagger (weapon)
Armour
 n - a +2 buckler (worn)
Scrolls
 i - a scroll of blinking
 k - a scroll of enchant armour
 l - 3 scrolls of remove curse {unknown}
Potions
 e - a potion of heal wounds
 g - 2 potions of magic
 h - a potion of berserk rage
 m - a potion of flight {unknown}
 o - a potion of ambrosia {unknown}
Books
 b - a book of Maledictions

   Spells                             Type                      Level
   a - Corona                         Hexes                        1
   b - Ensorcelled Hibernation        Hexes/Ice                    2
   c - Confuse                        Hexes                        3
   d - Tukima's Dance                 Hexes                        3
   e - Dazzling Spray                 Conjuration/Hexes            3


   Skills:
 + Level 3.1 Fighting
 + Level 3.2 Short Blades
 + Level 5.8 Dodging
 * Level 20.1 Stealth
 + Level 7.7 Spellcasting
 + Level 11.0 Hexes
 + Level 4.5 Ice Magic


You had 17 spell levels left.
You knew the following spells:

 Your Spells              Type           Power        Failure   Level  Hunger
a - Corona                Hex            #####..      1%          1    None
b - Ensorcelled Hibernat  Hex/Ice        ####..       1%          2    None
c - Confuse               Hex            #####...     1%          3    #......


Dungeon Overview and Level Annotations

Branches:
Dungeon (1/1)

Altars:
Cheibriados
Dithmenos
Elyvilon
Fedhas
Gozag
Hepliaklqana
Kikubaaqudgha
Makhleb
Nemelex Xobeh
Okawaru
Qazlal
Ru
Sif Muna
Trog
Uskayaw
Vehumet
Xom
Yredelemnul
Zin
The Shining One
Jiyva
Lugonu

Shops:
D [?[


Innate Abilities, Weirdness & Mutations

You cannot wear most types of armour.
You are very stealthy in the water. (Stealth+)
You are amphibious.
You can wear up to eight rings at the same time.
You can use your tentacles to constrict eight enemies at once.
Your skin changes colour to match your surroundings (Stealth+).
Your rubbery body absorbs attacks. (AC +1, EV +1)


Message History

The centaur warrior looks drowsy...
There is an open door, spattered with blood here.
Things that are here:
an uncursed shortbow; 8 arrows; a centaur corpse The centaur warrior shouts!
The centaur warrior unwields an uncursed shortbow.
You block the centaur warrior's attack.
You hit the centaur warrior but do no damage.
You hit the centaur warrior but do no damage.
You see here 2 arrows.
The centaur warrior gestures wildly.
You hit the centaur warrior but do no damage.
The centaur warrior barely misses you.
You catch the helpless centaur warrior completely off-guard!
You impale the centaur warrior!!
The centaur warrior is severely wounded.
You hit the centaur warrior.
The centaur warrior is severely wounded.
The centaur warrior hits you!
You die...

########################
.#..'..#.)'..#__#..'..)#
.)..#.)'..#..'..'..#...##+#
.#####'#####'#__####).s'..#
.####..#...#s####§§#####..+
.#__####..##)#§c§§§# ##
.#_____##'#s.+§§@§§+
⌠#_.∩...'..._#§§§§§#
##_..__##_.#'##§####
#_____###+#)#[§§.###
##########.####+###.##
^.......'...'.....'.∩#
#++++####.).##########
##.## #+#


You could see a centaur warrior (confused).

Vanquished Creatures
  A centaur warrior (D)
  Sonja (D)
  A deep troll (D)
  2 kobold demonologists (D)
  A slime creature (D)
  Sigmund (D)
  A yak (D)
  A floating eye (D)
  An ogre (D)
  A jelly (D)
  Ijyb (D)
12 creatures vanquished.

Vanquished Creatures (others)
  A gargoyle (D)
1 creature vanquished.

Grand Total: 13 creatures vanquished

Notes
Turn   | Place    | Note
-------+----------+-------------------------------------------
     0 | D        | Hipnos the Octopode Enchanter began the quest for the Orb.
     0 | D        | Reached XP level 1. HP: 11/11 MP: 3/3
     1 | D        | Noticed Ijyb
    11 | D        | Killed Ijyb
    11 | D        | Reached skill level 7 in Stealth
    11 | D        | Reached XP level 2. HP: 6/17 MP: 1/5
   221 | D        | Learned a level 2 spell: Ensorcelled Hibernation
   222 | D        | Noticed an ogre
   227 | D        | Killed an ogre
   227 | D        | Reached skill level 10 in Stealth
   227 | D        | Reached skill level 5 in Hexes
   227 | D        | Reached XP level 3. HP: 22/22 MP: 6/8
   227 | D        | Reached XP level 4. HP: 27/27 MP: 6/9
   240 | D        | Learned a level 3 spell: Confuse
   255 | D        | Noticed Sigmund
   258 | D        | Killed Sigmund
   258 | D        | Reached skill level 1 in Fighting
   258 | D        | Reached skill level 12 in Stealth
   258 | D        | Reached XP level 5. HP: 33/33 MP: 9/11
   258 | D        | Reached XP level 6. HP: 38/38 MP: 9/12
   270 | D        | Found a burning altar of Makhleb.
   270 | D        | Found a viscous altar of Jiyva.
   270 | D        | Found a shimmering altar of Xom.
   270 | D        | Found a corrupted altar of Lugonu.
   270 | D        | Noticed a slime creature
   272 | D        | Found a deep blue altar of Sif Muna.
   274 | D        | Found a radiant altar of Vehumet.
   335 | D        | Found Hutaagej's Magic Scroll Emporium.
   335 | D        | Found an ancient bone altar of Kikubaaqudgha.
   335 | D        | Found a hazy altar of Hepliaklqana.
   335 | D        | Found a stormy altar of Qazlal.
   335 | D        | Found a hide-covered altar of Uskayaw.
   335 | D        | Found a blossoming altar of Fedhas.
   335 | D        | Found a bloodstained altar of Trog.
   335 | D        | Found an iron altar of Okawaru.
   335 | D        | Found a basalt altar of Yredelemnul.
   335 | D        | Found a glowing golden altar of the Shining One.
   335 | D        | Found a snail-covered altar of Cheibriados.
   335 | D        | Found a sacrificial altar of Ru.
   335 | D        | Found a glowing silver altar of Zin.
   335 | D        | Found a shadowy altar of Dithmenos.
   335 | D        | Found a white marble altar of Elyvilon.
   335 | D        | Noticed a yak
   336 | D        | Found an opulent altar of Gozag.
   339 | D        | Killed a yak
   339 | D        | Reached skill level 14 in Stealth
   339 | D        | Reached skill level 5 in Spellcasting
   339 | D        | Reached XP level 7. HP: 41/43 MP: 11/14
   340 | D        | Found a sparkling altar of Nemelex Xobeh.
   346 | D        | Became a worshipper of Dithmenos the Shadowed
   349 | D        | Bought a scroll of holy word for 90 gold pieces
   349 | D        | Bought a scroll of blinking for 90 gold pieces
   349 | D        | Bought a scroll of enchant armour for 90 gold pieces
   356 | D        | Noticed Sonja
   360 | D        | Killed Sonja
   360 | D        | Reached skill level 16 in Stealth
   360 | D        | Reached skill level 1 in Ice Magic
   360 | D        | Reached XP level 8. HP: 50/50 MP: 14/17
   373 | D        | Noticed a deep troll
   393 | D        | Killed a deep troll
   393 | D        | Reached skill level 5 in Dodging
   393 | D        | Reached skill level 18 in Stealth
   393 | D        | Reached skill level 10 in Hexes
   408 | D        | Found Gasoaf's Armour Emporium.
   415 | D        | Bought a +2 buckler for 231 gold pieces
   510 | D        | Killed a slime creature
   510 | D        | Reached * piety under Dithmenos
   510 | D        | Reached XP level 9. HP: 37/54 MP: 15/19
   611 | D        | Noticed a kobold demonologist
   612 | D        | Noticed a kobold demonologist
   615 | D        | Killed a kobold demonologist
   615 | D        | Killed a gargoyle
   617 | D        | Killed a kobold demonologist
   617 | D        | Reached ** piety under Dithmenos
   617 | D        | Reached skill level 19 in Stealth
   624 | D        | Noticed a demonic crawler
   624 | D        | Noticed a demonic crawler
   624 | D        | Noticed a demonic crawler
   624 | D        | Noticed a demonic crawler
   901 | D        | Found Maturch's Antique Armour Boutique.
  1215 | D        | Noticed a centaur warrior
  1216 | D        | Noticed a centaur warrior
  1222 | D        | Killed a centaur warrior
  1222 | D        | Reached skill level 20 in Stealth
  1236 | D        | Slain by a centaur warrior

Skill      XL: |  1  2  3  4  5  6  7  8  9 |
---------------+----------------------------+-----
Stealth        | 7 10 12 14 16 18 20 | 20.1
Dodging        | 3 4 5 |  5.8
Spellcasting   | 3 4 5 6 7 |  7.7
Hexes          | 5 7 8 9 10 11 | 11.0
Fighting       | 1 2 3 |  3.1
Short Blades   | 2 3 |  3.2
Ice Magic      | 1 3 4 |  4.5

Action                   |  1- 3 |  4- 6 |  7- 9 || total
-------------------------+-------+-------+-------++-------
Melee: Dagger            |    11 |     5 |    16 ||    32
       Tentacles         |     2 |       |     2 ||     4
       Constrict         |     1 |       |       ||     1
 Cast: Corona            |     2 |       |       ||     2
       Ensorcelled Hiber |       |     4 |     8 ||    12
       Confuse           |       |       |     4 ||     4
  Use: Scroll            |       |       |     2 ||     2
       Potion            |       |       |     2 ||     2
 Stab: Sleeping          |     1 |     3 |     7 ||    11
       Confused          |       |       |     1 ||     1
  Eat: Bread ration      |       |       |     1 ||     1
Armor: Skin              |     1 |     1 |     1 ||     3
Dodge: Dodged            |     2 |     2 |    23 ||    27
Block: Buckler           |       |       |     4 ||     4
